 Dungeon Crawl Stone Soup version 0.18.1-50-g88ac8fd (webtiles) character file.

390 jerryfan the Jester (level 6, -5/50 HPs)
             Began as a Draconian Artificer on Sept 28, 2016.
             Was a Follower of Nemelex Xobeh.
             Slain by an iguana (10 damage)
             ... on level 4 of the Dungeon.
             The game lasted 00:20:22 (2188 turns).

jerryfan the Jester (Draconian Artificer)           Turns: 2188, Time: 00:20:22

Health: -5/50      AC:  7    Str: 14    XL:     6   Next: 50%
Magic:  9/9        EV: 13    Int: 13    God:    Nemelex Xobeh [*.....]
Gold:   193        SH:  0    Dex: 12    Spells: 1 memorised, 2 levels left

rFire  . . .     SeeInvis .     m - +0 dagger
rCold  . . .     Gourm    .     (armour unavailable)
rNeg   . . .     Faith    .     (no shield)
rPois  .         Spirit   .     (helmet restricted)
rElec  .         Dismiss  .     (no cloak)
rCorr  .         Reflect  .     k - +0 pair of gloves
SustAt .         Harm     .     (no boots)
MR     .....                    u - amulet of rage
Stlth  ++........               (no ring)
                                (no ring)

@: not resistant to hostile enchantments, unstealthy
A: unfitting armour, cold-blooded, AC +6
a: Renounce Religion, Evoke Berserk Rage


You were on level 4 of the Dungeon.
You worshipped Nemelex Xobeh.
Nemelex Xobeh was aware of your devotion.
You were not hungry.

You visited 1 branch of the dungeon, and saw 4 of its levels.

You collected 193 gold pieces.

Inventory:

Hand Weapons
 a - a +0 short sword
 e - a +0 hand axe
 m - a +0 dagger (weapon)
 r - a +2 antimagic halberd {Deathbringer}
Missiles
 s - 2 throwing nets (quivered)
Armour
 k - a +0 pair of gloves (worn)
Jewellery
 u - an amulet of rage (around neck)
Wands
 b - a wand of flame (0/48)
 c - a wand of enslavement (13/24)
 d - a wand of random effects (16/48)
Scrolls
 g - a scroll of remove curse
 h - 3 scrolls of amnesia
 i - a scroll of teleportation
 n - a scroll of blinking
 v - a scroll of fear
Potions
 j - a potion of cure mutation
Books
 q - a book of Clouds

   Spells                             Type                      Level
   a - Mephitic Cloud                 Conjuration/Poison/Air       3
   b - Conjure Flame                  Conjuration/Fire             3
   c - Poisonous Cloud                Conjuration/Poison/Air       6
   d - Freezing Cloud                 Conjuration/Ice/Air          6
   e - Ring of Flames                 Charms/Fire                  7
Miscellaneous
 l - a plain deck of destruction {drawn: 9}
 t - a plain deck of escape
Comestibles
 f - 2 bread rations
 o - 4 chunks of flesh
 p - a meat ration


   Skills:
 + Level 2.7 Fighting
 + Level 2.2 Short Blades
 + Level 0.5 Throwing
 + Level 3.7 Dodging
 + Level 1.4 Stealth
 + Level 0.2 Conjurations
 + Level 5.1 Evocations


You had 2 spell levels left.
You knew the following spells:

 Your Spells              Type           Power        Failure   Level  Hunger
a - Mephitic Cloud        Conj/Pois/Air  #.......     86%         3    ####...


Dungeon Overview and Level Annotations

Branches:
Dungeon (4/15)
 Temple: D:4-7

Altars:
Cheibriados
Elyvilon
Gozag
Nemelex Xobeh
Qazlal
Trog


Innate Abilities, Weirdness & Mutations

Your plain brown scales are hard (AC +6).
Your body does not fit into most forms of armour.
You are cold-blooded and may be slowed by cold attacks.


Message History

You barely miss something.
Your tail-slap misses something.
Something bites you.
You completely miss something. Something bites you.
You hit something but do no damage. Something bites you!
You hit something. Something bites you.
You barely miss something. Something bites you but does no damage.
You barely miss something. Something bites you!
* * * LOW HITPOINT WARNING * * *
You miss something. You tail-slap something. You hit something.
Something barely misses you.
Evoke which item? (* to show all) (? for menu, Esc to quit)
You draw a card...
It is Pain.
You have drawn Pain.
Press: ? - help, Shift-Dir - straight line Nothing appears to happen.
Something bites you!
* * * LOW HITPOINT WARNING * * *
You hit something but do no damage. You tail-slap something.
Something bites you!
You die...
Your body disappears without a glow.

#.................'.....#
#.................##....#
####################....##
............'.....#
#..........#.....#
#..........#.....#
######'#####..##.#
#.......# #####.#
#..{@...# ... #.......#
...# +.......+ ...#
#.......# ##.....##
#.....# #.....# ......#


There were no monsters in sight!

Vanquished Creatures
  A gnoll sergeant (D:3)
  The ghost of WhiskeyPanda the Vandal, an amateur HaHu of Fedhas (D:3)
  Ijyb (D:2)
  A worker ant (D:3)
  2 adders
  2 oozes (D:1)
  2 dart slugs (D:1)
  A giant gecko (D:1)
  An orc (D:3)
  8 bats
  4 giant cockroaches
  4 goblins
  7 hobgoblins
  3 jackals (D:4)
  5 kobolds
  3 giant newts
  3 rats (D:1)
49 creatures vanquished.

Vanquished Creatures (collateral kills)
  2 eyes of draining (D:3)
  An orc (D:3)
3 creatures vanquished.

Vanquished Creatures (others)
  A worm (D:4)
1 creature vanquished.

Grand Total: 53 creatures vanquished

Notes
Turn   | Place    | Note
--------------------------------------------------------------
     0 | D:1      | jerryfan the Draconian Artificer began the quest for the Orb.
     0 | D:1      | Reached XP level 1. HP: 16/16 MP: 3/3
    75 | D:1      | Reached XP level 2. HP: 23/23 MP: 4/4
   526 | D:1      | Found a sparkling altar of Nemelex Xobeh.
   537 | D:1      | Became a worshipper of Nemelex Xobeh the Trickster
   542 | D:1      | Reached XP level 3. HP: 28/28 MP: 5/5
   630 | D:2      | Received a gift from Nemelex Xobeh
   702 | D:2      | Reached skill level 1 in Stealth
   702 | D:2      | Reached skill level 4 in Evocations
   879 | D:2      | Noticed Ijyb
   883 | D:2      | Killed Ijyb
   883 | D:2      | Reached XP level 4. HP: 35/35 MP: 7/7
  1300 | D:3      | Found a stormy altar of Qazlal.
  1321 | D:3      | Found a snail-covered altar of Cheibriados.
  1334 | D:3      | Learned a level 3 spell: Mephitic Cloud
  1474 | D:3      | Reached * piety under Nemelex Xobeh
  1484 | D:3      | Received a gift from Nemelex Xobeh
  1539 | D:3      | Found a bloodstained altar of Trog.
  1539 | D:3      | Noticed an eye of draining
  1539 | D:3      | Noticed an eye of draining
  1551 | D:3      | Killed an eye of draining
  1551 | D:3      | Reached XP level 5. HP: 41/41 MP: 1/8
  1557 | D:3      | Killed an eye of draining
  1577 | D:3      | Killed a gnoll sergeant
  1577 | D:3      | Reached skill level 5 in Evocations
  1577 | D:3      | Reached XP level 6. HP: 13/50 MP: 0/9
  1617 | D:3      | Noticed WhiskeyPanda's ghost (amateur HaHu)
  1833 | D:3      | Killed WhiskeyPanda's ghost
  1903 | D:3      | Found a white marble altar of Elyvilon.
  2070 | D:4      | Found an opulent altar of Gozag.
  2188 | D:4      | Slain by an iguana

Skill      XL: |  1  2  3  4  5 |
---------------+----------------+-----
Dodging        | 2 3 |  3.7
Stealth        | 1 |  1.4
Evocations     | 4 5 |  5.1
Fighting       | 2 |  2.7
Short Blades   | 2 |  2.2
Throwing       | |  0.5
Conjurations   | |  0.2

Action                   |  1- 3 |  4- 6 || total
-------------------------+-------+-------++-------
Melee: Short sword       |    77 |     1 ||    78
       Tailslap          |    11 |    13 ||    24
       Dagger            |       |   115 ||   115
Throw: Throwing net      |       |     1 ||     1
Evoke: Wand              |    25 |     8 ||    33
       Deck              |       |     9 ||     9
  Use: Potion            |     4 |     2 ||     6
       Scroll            |     6 |     6 ||    12
 Stab: Sleeping          |     1 |       ||     1
       Held in net/web   |       |     1 ||     1
       Distracted        |       |     1 ||     1
  Eat: Chunk             |     1 |     2 ||     3
       Bread ration      |       |     1 ||     1
Armor: Skin              |    38 |    32 ||    70
Dodge: Dodged            |    55 |    82 ||   137
